AoeStats
← [RAT] G0rm

Coastal Forest

503687009Analyzed
3v3 RM · 1mo ago on Sep 1, 2026· 96m 11s· 6 players
Game mode
Random Map
Map size
Normal (6 player)
Population
200
Speed
Normal
Resources
Standard
Victory
Conquest
Starting age
Dark Age
Ending age
Imperial Age
RankedLock teamsTeams togetherTeam positionsShared explorationLock speedFull tech treeHidden civsTurbo modeCheats
Victory
Defeat
🇺🇸 Wei · United States
1626
+14
🇳🇱 Turks · Netherlands
1549
+18
🇷🇴 Italians · Romania
1483
+21
🇷🇺 Huns · Russia
1655
-21
🇷🇺 Portuguese · Russia
1613
-19
🇵🇱 Saracens · Poland
1505
-14
[RAT] Havik_AoE
5:07 Loom
9:45 Feudal Age
17:36 Double-Bit Axe
18:47 Wheelbarrow
22:54 Castle Age
22:03 Bloodlines
21:59 Horse Collar
23:21 Scale Barding Armor
23:54 Bow Saw
25:03 Chain Barding Armor
30:11 Forging
31:37 Husbandry
33:22 Iron Casting
34:32 Hand Cart
34:02 Town Watch
38:18 Heavy Plow
41:17 Imperial Age
39:39 Gold Mining
41:19 Cavalier
43:05 Blast Furnace
42:41 Plate Barding Armor
43:00 Heavy Camel Rider
43:26 Heavy Camel Rider
46:50 Conscription
53:23 Caravan
55:33 Two-Man Saw
54:38 Fletching
55:16 Sipahi
55:14 Guilds
56:03 Bodkin Arrow
56:08 Padded Archer Armor
56:49 Thumb Ring
57:14 Parthian Tactics
57:23 Bracer
57:58 Leather Archer Armor
58:07 Heavy Cavalry Archer
59:15 Ballistics
61:27 Ring Archer Armor
65:06 Masonry
64:37 Treadmill Crane
65:40 Man-at-Arms
66:26 Scale Mail Armor
66:51 Squires
66:40 Arson
69:01 Chain Mail Armor
71:31 Sappers
73:13 Artillery
73:49 Hoardings
73:50 Architecture
78:07 Plate Mail Armor
82:08 Capped Ram
86:18 Town Patrol
91:31 Siege Ram
[RAT] G0rm
3:13 Loom
11:11 Feudal Age
11:18 Feudal Age
16:04 Fletching
21:28 Padded Archer Armor
22:14 Double-Bit Axe
28:58 Castle Age
27:53 Horse Collar
29:02 Crossbowman
29:40 Bodkin Arrow
36:03 Ballistics
54:11 Leather Archer Armor
54:22 Thumb Ring
54:30 Thumb Ring
54:38 Thumb Ring
54:44 Thumb Ring
55:19 Caravan
55:43 Silk Road
59:24 Imperial Age
60:08 Silk Road
59:33 Arbalester
61:16 Chemistry
60:22 Bracer
65:41 Elite Genoese Crossbowman
80:59 Silk Road
82:01 Scale Barding Armor
82:02 Light Cavalry
82:53 Bloodlines
82:43 Husbandry
84:43 Heavy Plow
84:57 Bow Saw
86:37 Hussar
88:48 Chain Barding Armor
88:40 Forging
90:28 Plate Barding Armor
92:06 Ring Archer Armor
94:03 Iron Casting
[RAT] Spencer
7:55 Loom
10:02 Feudal Age
11:34 Double-Bit Axe
14:30 Town Watch
17:31 Castle Age
15:42 Horse Collar
17:31 Gold Mining
17:41 Fishing Lines
18:43 Medium Warships
18:56 Bow Saw
19:27 Stone Mining
20:07 Demolition Ship
21:06 Scale Barding Armor
23:59 Chain Barding Armor
24:40 Forging
28:17 Bloodlines
28:07 Husbandry
29:21 Gillnets
35:48 Wheelbarrow
35:57 Tuntian
36:02 Heavy Plow
42:00 Imperial Age
39:47 Hand Cart
41:57 Coinage
42:11 Elite Tiger Cavalry
43:33 Ming Guang Armor
44:01 Light Cavalry
44:49 Capped Ram
45:07 Hussar
47:31 Conscription
46:44 Siege Ram
52:07 Banking
52:16 Caravan
53:20 Fletching
54:06 Iron Casting
54:38 Bodkin Arrow
55:37 Pikeman
56:19 Squires
56:25 Halberdier
57:08 Scale Mail Armor
58:02 Fortified Wall
58:13 Ballistics
58:53 Chemistry
60:44 Chain Mail Armor
61:29 Blast Furnace
60:29 Arson
60:46 Bracer
64:59 Stone Shaft Mining
66:43 Masonry
66:14 Treadmill Crane
70:23 Heavy Scorpion
71:55 Murder Holes
72:02 Padded Archer Armor
84:29 Leather Archer Armor
85:13 Parthian Tactics
84:55 Thumb Ring
86:44 Ring Archer Armor
[RUS-F]vov_chesn
7:09 Loom
9:41 Feudal Age
11:43 Double-Bit Axe
13:47 Horse Collar
20:38 Castle Age
21:06 Town Watch
21:33 Medium Warships
21:55 Fletching
23:56 Scale Barding Armor
24:56 Chain Barding Armor
25:20 Bloodlines
28:25 Bodkin Arrow
34:31 Forging
36:08 Husbandry
36:47 Wheelbarrow
37:05 Ballistics
43:32 Hand Cart
47:24 Imperial Age
46:40 Iron Casting
47:34 Cavalier
49:18 Plate Barding Armor
49:29 Scale Mail Armor
49:24 Pikeman
49:51 Pikeman
51:33 Blast Furnace
50:48 Chain Mail Armor
50:41 Halberdier
53:33 Plate Mail Armor
54:02 Padded Archer Armor
55:22 Conscription
55:40 Fishing Lines
57:38 Coinage
57:36 Bracer
57:46 Caravan
58:17 Elite Organ Gun
59:32 Circumnavigation
60:48 Guilds
61:36 Gillnets
64:34 Careening
64:38 Clinker Construction
67:38 Treadmill Crane
67:42 Light Cavalry
70:46 Arquebus
71:52 Chemistry
71:45 Siege Engineers
71:39 Horse Collar
75:01 Bow Saw
92:06 Two-Man Saw
91:07 Heavy Plow
94:17 Careening
ageofbugs239
2:50 Loom
13:53 Feudal Age
17:41 Castle Age
16:50 Double-Bit Axe
17:23 Fletching
17:20 Horse Collar
20:39 Bodkin Arrow
25:12 Padded Archer Armor
26:09 Bow Saw
27:57 Wheelbarrow
27:08 Town Watch
28:51 Bloodlines
29:25 Husbandry
30:45 Ballistics
31:18 Thumb Ring
37:15 Gold Mining
42:37 Imperial Age
42:56 Hand Cart
44:38 Chemistry
44:16 Bracer
61:23 Heavy Plow
62:24 Two-Man Saw
66:17 Scale Barding Armor
66:23 Forging
66:06 Light Cavalry
66:24 Crossbowman
67:30 Chain Barding Armor
66:58 Crossbowman
67:28 Hussar
68:45 Iron Casting
69:16 Arbalester
70:18 Leather Archer Armor
70:40 Plate Barding Armor
71:52 Leather Archer Armor
72:14 Plate Barding Armor
73:11 Blast Furnace
74:20 Ring Archer Armor
75:21 Ring Archer Armor
91:07 Fortified Wall
92:09 Siege Engineers
[RUS-F] Dourdom
6:25 Loom
8:48 Feudal Age
9:23 Double-Bit Axe
9:57 Horse Collar
16:28 Forging
18:22 Scale Barding Armor
19:58 Wheelbarrow
21:18 Bloodlines
24:44 Castle Age
22:50 Gold Mining
24:49 Light Cavalry
26:10 Husbandry
27:13 Chain Barding Armor
27:11 Bow Saw
27:56 Chain Barding Armor
30:43 Iron Casting
33:04 Medium Warships
38:01 Town Watch
39:06 Gold Shaft Mining
39:53 Hand Cart
43:31 Imperial Age
44:53 Plate Barding Armor
43:39 Cavalier
45:56 Blast Furnace
47:41 Caravan
50:50 Conscription
56:01 Hussar
56:55 Paladin
60:14 Heavy Plow
60:06 Stone Mining
60:44 Ballistics
61:25 Chemistry
60:36 Masonry
60:17 Fletching
60:28 Padded Archer Armor
61:23 Clinker Construction
61:45 Guilds
62:06 Bodkin Arrow
64:06 Coinage
65:30 Banking
65:47 Town Patrol
68:38 Bracer
70:41 Chemistry
73:02 Atheism
94:33 Leather Archer Armor
94:52 Parthian Tactics
95:16 Thumb Ring
Connection lost

Rejoining the realm…

Still unreachable

The connection could not be restored.

Session expired

The server has moved on; the page needs a fresh start.